 Dungeon Crawl Stone Soup version 0.28.0-53-g5a82cb258f (webtiles) character file.

Game seed: 4470709774182819065

410 Sin92 the Skirmisher (level 6, 0/43 HPs)
             Began as a Demonspawn Fighter on June 22, 2022.
             Slain by a gnoll
             ... wielding a +0 halberd
              (8 damage)
             ... on level 4 of the Dungeon.
             The game lasted 00:08:41 (4228 turns).

Sin92 the Skirmisher (Demonspawn Fighter)           Turns: 4228, Time: 00:08:41

Health: 0/43       AC:  6    Str: 18    XL:     6   Next: 58%
Magic:  6/6        EV: 10    Int: 10    God:
Gold:   109        SH:  0    Dex: 14    Spells: 5/5 levels left

rFire   . . .      SeeInvis .   a - +1 war axe
rCold   . . .      Faith    .   c - +0 buckler
rNeg    . . .      Spirit   .   b - +0 scale mail
rPois   .          Reflect  .   (helmet restricted)
rElec   .          Harm     .   o - scarf {repulsion}
rCorr   .          Rampage  .   (no gloves)
Will    .....                   (no boots)
Stlth   +.........              (no amulet)
HPRegen 0.14/turn               (no ring)
MPRegen 0.10/turn               (no ring)

@: confused, ambrosia-drunk, repel missiles
A: horns 1, powered by pain 1, weakness stinger 1, thin skeletal structure 1,
frail 1, sturdy frame 1
a: no special abilities


You were on level 4 of the Dungeon.
You visited 1 branch of the dungeon, and saw 5 of its levels.
You also visited: Sewer.

You collected 109 gold pieces.

Inventory:

Hand Weapons
 a - a +1 war axe (weapon)
Missiles
 e - a throwing net (quivered)
Armour
 b - a +0 scale mail (worn)
 c - a +0 buckler (worn)
 o - a scarf of repulsion (worn)
Scrolls
 f - 2 scrolls of identify
 k - a scroll of torment
 l - a scroll of magic mapping
 m - 4 scrolls of fog
 n - 2 scrolls of teleportation {unknown}
 q - a scroll of noise {unknown}
Potions
 d - a potion of haste {unknown}
 g - a potion of ambrosia
 h - 3 potions of curing {unknown}
 i - a potion of heal wounds
 j - a potion of resistance {unknown}
 r - a potion of berserk rage {unknown}
 s - a potion of attraction {unknown}


   Skills:
 + Level 4.1 Fighting
 * Level 4.0 Axes
 + Level 3.6 Armour
 + Level 2.3 Dodging
 + Level 3.5 Shields


You had 5 spell levels left.
You didn't know any spells.
Your spell library contained the following spells:

 Spells                   Type           Power      Damage    Failure   Level
 Tukima's Dance           Hex            0%         N/A       97%         3
 Anguish                  Hex/Necr       0%         N/A       100%        4
 Enfeeble                 Hex            0%         N/A       100%        7


Dungeon Overview and Level Annotations

Branches:
Dungeon (5/15)              Sewer (visited)
 Temple: D:4-7

Altars:
Elyvilon
Uskayaw

Annotations:
D:5 Prince Ribbit


Innate Abilities, Weirdness & Mutations

You have a pair of small horns on your head.
You sometimes gain a little power by taking damage.
You have a small tail.
You have a somewhat thin skeletal structure. (Dex +2, Stealth+)
You are frail. (-10% HP)
Your movements are slightly less encumbered by armour. (ER -2)


Message History

You feel invigorated. The gnoll hits you with a +0 halberd!
You bump into the rock wall.
The gnoll closely misses you.
You closely miss the gnoll. The gnoll barely misses you.
You bump into the rock wall.
The gnoll barely misses you.
You bump into the rock wall.
The gnoll closely misses you.
You miss the gnoll. The gnoll hits you with a +0 halberd!
You bump into the rock wall.
You feel less invigorated.
You feel less confused.
A goblin comes into view. It is wielding a +0 club.
The gnoll barely misses you.
You closely miss the gnoll. The gnoll hits you with a +0 halberd.
You slash the gnoll!
Your tail-slap misses the gnoll.
The gnoll is severely wounded.
You block the gnoll's attack. The gnoll hits you with a +0 halberd!
You hit the gnoll.
You kill the gnoll!
Your Axes skill increases to level 4!
You slash the gnoll!
The gnoll is severely wounded.
The gnoll hits you with a +0 flail.
* * * LOW HITPOINT WARNING * * *
You barely miss the gnoll.
Your tail-slap misses the gnoll.
The gnoll is severely wounded.
The gnoll hits you with a +0 flail!
* * * LOW HITPOINT WARNING * * *
You block the gnoll's attack.
You completely miss the gnoll. Your headbutt misses the gnoll.
The gnoll is severely wounded.
You block the gnoll's attack.
You slash the gnoll!
You kill the gnoll!
You barely miss the goblin. You headbutt the goblin.
You kill the goblin!
Unknown command.
You start resting.
A gnoll comes into view. It is wielding a +0 halberd.
You are confused.
You feel invigorated.
The gnoll hits you from afar with a +0 halberd!
You die...

### #######.# #.......#
#.#####.# #.....#.#
######.#.# #.)@...#.#
#g######.# # #...#####
############ #.......###
#..........# #.....#...#
#.......##.# #..##...#.#
#.......##.###.(####.#.#
###
#.......##.#...........#
..#
####'#####..........####
#.#


You could see a gnoll.

Vanquished Creatures
  A phantom (D:4)
  A hound (D:4)
  An orc priest (D:4)
  A centaur skeleton (D:5)
  An iguana (D:4)
  An orc wizard (D:2)
  8 adders
  3 gnolls (D:4)
  A river rat (Sewer)
  An adder skeleton (D:4)
  2 worms
  A dart slug (D:1)
  10 orcs
  6 endoplasms
  3 giant cockroaches
  6 hobgoblins
  8 kobolds
  12 ball pythons
  4 bats
  3 frilled lizards
  6 goblins
  A rat (Sewer)
81 creatures vanquished.

Notes
Turn   | Place    | Note
-------+----------+-------------------------------------------
     0 | D:1      | Sin92 the Demonspawn Fighter began the quest for the Orb.
     0 | D:1      | Reached XP level 1. HP: 18/18 MP: 1/1
   468 | D:1      | Gained mutation: You sometimes gain a little power by
                  | taking damage. [demonic ancestry]
   468 | D:1      | Reached XP level 2. HP: 11/24 MP: 2/2
  1261 | D:2      | Reached XP level 3. HP: 24/29 MP: 3/3
  1407 | D:2      | Reached skill level 1 in Dodging
  1730 | D:2      | Found a faded altar of an unknown god.
  1886 | D:2      | Reached XP level 4. HP: 35/35 MP: 4/4
  2609 | D:3      | Noticed a +0 dagger
  2650 | D:3      | Found a glowing drain.
  2659 | Sewer    | Entered a sewer
  2969 | Sewer    | Discovered your monstrous ancestry.
  2969 | Sewer    | Gained mutation: You have a small tail. [demonic ancestry]
  2969 | Sewer    | Reached XP level 5. HP: 8/41 MP: 5/5
  3011 | Sewer    | Gained mutation: You are frail. (-10% HP) [potion of
                  | mutation]
  3011 | Sewer    | Gained mutation: Your movements are slightly less
                  | encumbered by armour. (ER -2) [potion of mutation]
  3011 | Sewer    | Gained mutation: You have a somewhat thin skeletal
                  | structure. (Dex +2, Stealth+) [potion of mutation]
  3232 | D:3      | Found a hide-covered altar of Uskayaw.
  3232 | D:3      | Noticed a +3 dagger
  3811 | D:4      | Noticed a phantom
  3848 | D:4      | Killed a phantom
  3849 | D:4      | Gained mutation: You have a pair of small horns on your
                  | head. [demonic ancestry]
  3849 | D:4      | Reached XP level 6. HP: 28/43 MP: 6/6
  3893 | D:5      | Entered Level 5 of the Dungeon
  3896 | D:5      | Noticed Prince Ribbit
  4208 | D:4      | HP: 2/43 [gnoll/+0 flail (8)]
  4228 | D:4      | Slain by a gnoll

Illustrated notes

Levels and vault maps discovered:
D:1:      matt_arrival_los_fun, layout_loops_ring
D:2:      layout_loops_corners, basic_altar, hellmonk_ecumenical_altar_zigzags,
          minmay_misc_feat_encased
D:3:      layout_loops_ring, dancing_weapons_uskayaw, portal_sewer_entry_d
D:4:      layout_basic
D:5:      layout_cave_pools, serial_shops, shop, uniq_prince_ribbit1

Skill      XL: |  1  2  3  4  5  6 |
---------------+-------------------+-----
Axes           | 2 3 4 |  4.0
Armour         | 3 |  3.6
Dodging        | 1 2 |  2.3
Shields        | 3 |  3.5
Fighting       | 4 |  4.1

Action                   |  1- 3 |  4- 6 || total
-------------------------+-------+-------++-------
Melee: War axe           |    99 |   175 ||   274
       Tailslap          |       |    11 ||    11
       Headbutt          |       |     5 ||     5
  Use: Scroll            |     1 |     8 ||     9
       Potion            |       |     7 ||     7
 Stab: Sleeping          |       |     3 ||     3
Armor: Scale mail        |    64 |    52 ||   116
Dodge: Dodged            |    44 |    99 ||   143
       Repelled          |       |     1 ||     1
Block: Buckler           |    18 |    38 ||    56
